 Dungeon Crawl Stone Soup version 0.21.1-1-g345015f (webtiles) character file.

16850 troglodite the Protected (level 12, -15/96 HPs)
             Began as a Demonspawn Berserker on May 20, 2018.
             Was a High Priest of Trog.
             Demolished by an orc warrior
             ... wielding a +0 long sword
             ... led by an orc knight
              (24 damage)
             ... on level 1 of the Orcish Mines on May 21, 2018.
             The game lasted 00:51:44 (16501 turns).

troglodite the Protected (Demonspawn Berserker)    Turns: 16501, Time: 00:51:45

Health: -15/96     AC: 19    Str: 19 (20) XL:     12   Next: 13%
Magic:  0/12       EV: 10    Int:  8      God:    Trog [*****.]
Gold:   854        SH:  0    Dex: 16      Spells: 11/11 levels left

rFire    . . .     SeeInvis .   I - +4 great sword (flame)
rCold    + . .     Gourm    .   (shield currently unavailable)
rNeg     . . .     Faith    .   D - +0 plate armour {rC+}
rPois    .         Spirit   +   f - +0 helmet
rElec    .         Reflect  .   (no cloak)
rCorr    .         Harm     .   q - +0 pair of gloves
MR       +....     Clarity  +   (no boots)
Stlth    ..........             (no amulet)
HPRegen  3.26/turn              E - ring of protection from magic
MPRegen  0.13/turn              K - ring of stealth

@: berserk cooldown, slowed, very slow
A: claws 1, yellow scales 1, clarity, deterioration 1, powered by death 3, magic
shield
a: Berserk, Trog's Hand, Brothers in Arms, Burn Spellbooks, Renounce Religion


You were on level 1 of the Orcish Mines.
You worshipped Trog.
Trog was extremely pleased with you.
You were very hungry.

You visited 2 branches of the dungeon, and saw 13 of its levels.
You also visited: Sewer.

You collected 854 gold pieces.

Inventory:

Hand Weapons
 v - the +4 hunting sling "Qeuth" {speed, rN+ Dex+4}
   (You found it in a sewer)

   Attacks with this weapon are significantly faster.
   It affects your dexterity (+4).
   It protects you from negative energy.
 F - a +2 falchion of slicing
 I - a +4 great sword of flaming (weapon)
Missiles
 w - 210 stones (quivered)
 x - 80 sling bullets
Armour
 f - a +0 helmet (worn)
 q - a +0 pair of gloves (worn)
 y - the +3 leather armour of the Other Side {rPois rN+++ Str-4 Int+2}
   (You found it on level 10 of the Dungeon)

   It affects your strength (-4).
   It affects your intelligence (+2).
   It protects you from poison.
   It renders you almost immune to negative energy.
 D - a +0 plate armour of cold resistance (worn)
Jewellery
 E - a ring of protection from magic (left hand)
 K - a ring of stealth (right hand)
Wands
 g - a wand of scattershot (6)
 l - a wand of flame (10)
 m - a wand of iceblast (19)
 z - a wand of digging (26)
 B - a wand of paralysis (14)
 G - a wand of random effects (45)
 H - a wand of polymorph (3)
Scrolls
 b - a scroll of blinking
 n - 4 scrolls of fear
 o - 5 scrolls of teleportation
 u - 7 scrolls of remove curse
 L - a scroll of fog
 M - a scroll of enchant weapon {unknown}
 N - a scroll of enchant armour {unknown}
Potions
 a - a potion of mutation {unknown}
 d - 4 potions of flight
 e - 4 potions of curing
 h - 6 potions of heal wounds
 i - 3 potions of agility
 j - 3 potions of cancellation
 k - 2 potions of magic
 p - a potion of resistance
 r - 5 potions of brilliance
 s - 2 potions of lignification
 t - a potion of haste
Comestibles
 c - 9 rations
 C - a chunk of flesh


   Skills:
 * Level 9.6 Fighting
 + Level 10.0 Long Blades
 * Level 6.0 Slings
 * Level 10.0 Armour
 * Level 6.9 Dodging
 + Level 1.1 Stealth


You had 11 spell levels left.
You didn't know any spells.

Dungeon Overview and Level Annotations

Branches:
Dungeon (11/15)            Temple (0/1) D:6            Lair (0/6) D:8
    Orc (2/2) D:10
    Elf: Orc:2

Altars:
Cheibriados
Dithmenos
Elyvilon
Kikubaaqudgha
Makhleb
Nemelex Xobeh
Okawaru
Ru
Sif Muna
Trog
Uskayaw
Wu Jian
Xom
Yredelemnul
Beogh

Shops:
D:4 %


Innate Abilities, Weirdness & Mutations

You have sharp fingernails.
You are partially covered in yellow scales. (AC +2)
You regenerate a lot of health from kills.
When hurt, damage is shared between your health and your magic reserves.
You possess an exceptional clarity of mind.
Your body sometimes deteriorates upon taking damage.


Message History

The orc warrior hits you with a long sword!
* * * LOW HITPOINT WARNING * * *
The orc knight barely misses you.
There is a stone staircase leading up, spattered with blood here.
You feel a strong urge to attack something.
The orc completely misses you.
You climb upwards.
You are no longer berserk.
You are exhausted.
You feel yourself slow down.
There is a stone staircase leading down here.
You slice the orc!! You burn the orc.
You kill the orc!
Trog accepts your kill.
The orc warrior hits you but does no damage.
The orc warrior closely misses you.
The orc warrior hits you with a long sword.
* * * LOW HITPOINT WARNING * * *
The orc warrior hits you with a long sword!!
You die...

######..##.................^.##
##.##.#....#.....##............#
#...........##.............##.##
##.#.......................####
##...#...................##
#...#.........#..........#
##...#.............#....###
##...##........o#.####....##
###.....#...#...@....##......#
#..............o.)........#.##
......................))...##
#.......)............[.)....#
.##...................).)..######
.###..#........#.....).....#.##.#
..####....................#......
....#.#...........#...........#..
...........#.......)......#......


You could see 2 orc warriors.

Vanquished Creatures
  2 two-headed ogres
  Nergalle (Orc:1)
  2 unseen horrors
  An ugly thing (D:11)
  An orc sorcerer (Orc:1)
  A kobold demonologist (D:11)
  2 trolls
  A hornet (D:8)
  3 hippogriffs
  2 wyverns
  11 yaks
  A basilisk (D:11)
  5 wargs
  12 soldier ants
  7 orc warriors
  A sky beast (D:8)
  2 black bears
  A necrophage (D:10)
  2 ice beasts
  A phantom (D:11)
  3 centaurs
  5 ogres
  A crocodile (D:9)
  A big kobold (Sewer)
  6 bullfrogs
  A wyvern zombie (D:7)
  7 scorpions
  A water moccasin skeleton (D:7)
  19 killer bees
  9 howler monkeys
  3 crimson imps
  A centaur zombie (D:5)
  A quasit (D:10)
  12 hounds
  16 orc priests
  2 bullfrog skeletons
  2 iguanas
  13 orc wizards
  24 worker ants
  2 hound skeletons
  A howler monkey zombie (D:8)
  2 worker ant zombies
  7 gnolls
  A howler monkey skeleton (D:6)
  16 adders
  3 shadow imps
  2 oozes
  2 adder skeletons
  2 worms
  7 leopard geckos
  59 orcs
  8 giant cockroaches
  2 gnoll zombies (D:8)
  3 goblins
  4 hobgoblins
  4 jackals
  5 quokkas
  3 ball pythons (Sewer)
  12 bats
  9 frilled lizards
  18 kobolds
  2 quokka zombies (D:5)
  14 rats
  A plant (Sewer)
375 creatures vanquished.

Vanquished Creatures (collateral kills)
  A queen ant (D:8)
  A queen bee (D:10)
  A troll (D:10)
  8 soldier ants (D:8)
  An orc warrior (Orc:2)
  3 killer bees (D:10)
  2 orc wizards
  A worker ant (D:8)
  2 worms (D:5)
  An orc (D:5)
  A rat (D:5)
22 creatures vanquished.

Vanquished Creatures (others)
  A jackal (D:2)
1 creature vanquished.

Grand Total: 398 creatures vanquished

Notes
Turn   | Place    | Note
-------+----------+-------------------------------------------
     0 | D:1      | troglodite the Demonspawn Berserker began the quest for the Orb.
     0 | D:1      | Reached XP level 1. HP: 18/18 MP: 1/1
   452 | D:1      | Gained mutation: You have sharp fingernails. [demonic ancestry]
   452 | D:1      | Reached XP level 2. HP: 17/24 MP: 2/2
  1211 | D:2      | Found a hide-covered altar of Uskayaw.
  1222 | D:2      | Reached ** piety under Trog
  1260 | D:2      | Found a white marble altar of Elyvilon.
  1609 | D:2      | Gained mutation: You regenerate a little health from kills. [demonic ancestry]
  1609 | D:2      | Reached XP level 3. HP: 5/29 MP: 3/3
  2453 | D:2      | Found an ornate altar of the Wu Jian Council.
  3170 | D:3      | Reached XP level 4. HP: 21/36 MP: 4/4
  3345 | D:3      | Gained mutation: You are partially covered in yellow scales. (AC +2) [demonic ancestry]
  3345 | D:3      | Reached XP level 5. HP: 40/42 MP: 5/5
  3677 | D:3      | Found a shadowy altar of Dithmenos.
  3891 | D:4      | Found a glowing drain.
  3900 | Sewer    | Entered a sewer
  3955 | Sewer    | Gained mutation: When hurt, damage is shared between your health and your magic reserves. [demonic ancestry]
  3955 | Sewer    | Reached XP level 6. HP: 45/48 MP: 6/6
  3968 | Sewer    | Got a fine hunting sling
  4026 | Sewer    | Reached *** piety under Trog
  4263 | Sewer    | Received a gift from Trog
  4334 | Sewer    | Identified the +4 hunting sling "Qeuth" {speed, rN+ Dex+4} (You found it in a sewer)
  4369 | D:4      | Found an iron altar of Okawaru.
  4608 | D:4      | Gained mutation: You regenerate health from kills. [demonic ancestry]
  4608 | D:4      | Reached XP level 7. HP: 47/55 MP: 7/7
  4998 | D:4      | Found a sacrificial altar of Ru.
  5042 | D:4      | Reached skill level 1 in Slings
  5365 | D:4      | Found Baicho's Food Emporium.
  5603 | D:4      | Reached **** piety under Trog
  5636 | D:4      | Found a snail-covered altar of Cheibriados.
  6081 | D:4      | Found a sparkling altar of Nemelex Xobeh.
  6527 | D:5      | Entered Level 5 of the Dungeon
  6547 | D:5      | Reached skill level 5 in Fighting
  6547 | D:5      | Reached skill level 5 in Long Blades
  6852 | D:5      | Found a sacrificial altar of Ru.
  6879 | D:5      | Reached XP level 8. HP: 57/62 MP: 6/8
  7018 | D:5      | Reached skill level 5 in Armour
  7632 | D:5      | Noticed a moth of wrath
  7637 | D:5      | Found a bloodstained altar of Trog.
  7786 | D:5      | Found a deep blue altar of Sif Muna.
  8237 | D:6      | Found a staircase to the Ecumenical Temple.
  8745 | D:6      | Found an ancient bone altar of Kikubaaqudgha.
  8958 | D:7      | Reached XP level 9. HP: 63/68 MP: 5/9
  9647 | D:8      | Paralysed by a hornet for 2 turns
  9819 | D:7      | Reached skill level 5 in Dodging
 10618 | D:8      | Received a gift from Trog
 10885 | D:8      | Reached XP level 10. HP: 70/77 MP: 5/10
 11219 | D:8      | Found a staircase to the Lair.
 11335 | D:8      | Reached ***** piety under Trog
 12024 | D:8      | Noticed a queen ant
 12035 | D:8      | Killed a queen ant
 12260 | D:8      | Found a basalt altar of Yredelemnul.
 12478 | D:9      | Found a shimmering altar of Xom.
 12487 | D:9      | Found a burning altar of Makhleb.
 12709 | D:9      | Reached skill level 1 in Stealth
 12784 | D:9      | Received a gift from Trog
 12875 | D:9      | Reached skill level 5 in Slings
 12879 | D:9      | Gained mutation: You regenerate a lot of health from kills. [demonic ancestry]
 12879 | D:9      | Reached XP level 11. HP: 46/86 MP: 6/11
 13380 | D:10     | Entered Level 10 of the Dungeon
 13584 | D:10     | Got a warped leather armour
 13601 | D:10     | Identified the +3 leather armour of the Other Side {rPois rN+++ Str-4 Int+2} (You found it on level 10 of the Dungeon)
 13839 | D:10     | Found a staircase to the Orcish Mines.
 13942 | D:10     | Noticed a two-headed ogre
 13949 | D:10     | Killed a two-headed ogre
 14031 | D:10     | Killed an unseen horror
 14667 | D:10     | Found a roughly hewn altar of Beogh.
 14981 | D:11     | Noticed a red ugly thing
 14991 | D:11     | Killed a red ugly thing
 15066 | D:11     | Received a gift from Trog
 15413 | D:11     | Killed an unseen horror
 15805 | Orc:1    | Entered Level 1 of the Orcish Mines
 15805 | Orc:1    | Noticed Nergalle
 15817 | Orc:1    | Killed Nergalle
 16175 | Orc:1    | Reached XP level 12. HP: 78/96 MP: 8/12
 16224 | Orc:1    | Noticed a two-headed ogre
 16231 | Orc:1    | Killed a two-headed ogre
 16258 | Orc:1    | Reached skill level 10 in Armour
 16329 | Orc:1    | Gained mutation: Your body sometimes deteriorates upon taking damage. [a neqoxec]
 16331 | Orc:1    | Gained mutation: You possess an exceptional clarity of mind. [a neqoxec]
 16332 | Orc:1    | Reached skill level 10 in Long Blades
 16488 | Orc:2    | Entered Level 2 of the Orcish Mines
 16501 | Orc:1    | Demolished by an orc warrior

Skill      XL: |  1  2  3  4  5  6  7  8  9 10 11 12 |
---------------+-------------------------------------+-----
Armour         | 2 3 4 6 7 8 9 10 | 10.0
Long Blades    | 3 4 5 6 7 8 9 10 | 10.0
Dodging        | 2 3 4 5 6 |  6.9
Fighting       | 4 5 6 8 9 |  9.6
Slings         | 2 4 5 6 |  6.0
Stealth        | 1 |  1.1

Action                   |  1- 3 |  4- 6 |  7- 9 | 10-12 || total
-------------------------+-------+-------+-------+-------++-------
Melee: Falchion          |   133 |   257 |   704 |   339 ||  1433
       Great sword       |       |       |       |   333 ||   333
Invok: Berserk           |     2 |     4 |    15 |    17 ||    38
       Burn Spellbooks   |     1 |       |     1 |     1 ||     3
       Trog's Hand       |     1 |       |     1 |       ||     2
       Brothers in Arms  |       |       |     1 |     4 ||     5
  Use: Scroll            |       |     8 |     8 |     5 ||    21
 Stab: Paralysed         |       |       |     3 |       ||     3
       Invisible         |       |       |     1 |       ||     1
  Eat: Chunk             |     9 |     6 |    21 |    23 ||    59
       Ration            |       |     1 |     4 |     4 ||     9
Armor: Animal skin       |    20 |       |       |       ||    20
       Ring mail         |    11 |   106 |    51 |       ||   168
       Chain mail        |       |       |   326 |   132 ||   458
       Plate armour      |       |       |       |   403 ||   403
       Steam dragon scal |       |       |       |     6 ||     6
Dodge: Dodged            |    99 |   221 |   423 |   416 ||  1159
       Rpst.: Falchion   |    33 |    63 |   136 |    41 ||   273
       Great sword       |       |       |       |    63 ||    63
